 Dungeon Crawl Stone Soup version 0.30.0-19-g36f170ea60 (webtiles) character file.

Game seed: 16886656259698073508

452545 monsoonserge the Unseen (level 23, -11/106 (124) HPs)
             Began as a Vampire Delver on May 26, 2023.
             Was a High Priest of Ru.
             Killed from afar by an acid blob (12 damage)
             ... with a splash of acid
             ... created by the Royal Jelly
             ... on level 5 of the Pits of Slime on May 28, 2023.
             The game lasted 08:38:49 (70306 turns).

monsoonserge the Unseen (Vampire Delver)           Turns: 70306, Time: 08:38:50

HP:   -11/106 (124) AC: 15    Str: 13    XL:     23   Next: 22%
MP:   21/35         EV: 23    Int: 20    God:    Ru [*****.]
Gold: 5942          SH: 31    Dex: 27    Spells: 2/38 levels left

rFire   + + .        M - +9 rapier of Untimely Demise {heavy, *Corrode rPois Dex+5}
rCold   + + +        x - +2 tower shield
rNeg    + + +        W - +2 ring mail {rF+}
rPois   ∞            E - -2 hat of the Alchemist {rElec rPois rF+ rC+ rN+ Will+ rMut rCorr}
rElec   +            K - +2 cloak {rC+}
rCorr   +            X - +0 pair of gloves of Complete Protection {rN++}
SInv    +            C - +2 pair of boots {rampage}
Will    +++..        V - amulet of reflection
Stlth   +++++++++    O - ring of the Yeti {rElec rF+ rC+ rCorr Int+3}
HPRegen 0.00/turn    y - ring of the Dragon {rPois Will+ Str+6}
MPRegen 0.24/turn

%: corrode self (3%), reflection, resist mutation, rampage
@: exhausted, about to teleport, bloodless, inhibited regen, studying Ranged
Weapons, heavily drained
A: bloodless, fangs 3, see invisible, weak 2, no poison magic, no summoning
magic, no transmutations magic, weak-willed 1, temperature sensitive, vampiric
2, (berserk 1), frail 1, devolution 1
}: 2/15 runes: decaying, gossamer
a: Bat Form, Revivify, Renounce Religion, Draw Out Power, Power Leap, Apocalypse


You were on level 5 of the Pits of Slime.
You worshipped Ru.
Ru was extremely pleased with you.
You visited 11 branches of the dungeon, and saw 48 of its levels.
You visited the Abyss 1 time.
You also visited: Bailey, Ice Cave and Desolation.

You collected 6258 gold pieces.
You spent 316 gold pieces at shops.

Inventory:

Hand Weapons
 M - the +9 rapier of Untimely Demise (weapon) {heavy, *Corrode rPois Dex+5}
   (You took it off an orc on level 12 of the Dungeon)

   Dex:       It affects your dexterity (+5).
   rPois:     It protects you from poison.
   *Corrode:  It may corrode you when you take damage.
Missiles
 a - 25 boomerangs (quivered)
 b - 81 poisoned darts
 h - 2 curare-tipped darts
 w - 5 throwing nets
 Z - 10 javelins
Armour
 x - a +2 tower shield (worn)
 C - a +2 pair of boots of rampaging (worn)
 E - the -2 hat of the Alchemist (worn) {rElec rPois rF+ rC+ rN+ Will+ rMut rCorr}
   (You acquired it on level 4 of the Vaults)

   rF:        It protects you from fire.
   rC:        It protects you from cold.
   rElec:     It insulates you from electricity.
   rPois:     It protects you from poison.
   rN:        It protects you from negative energy.
   rCorr:     It protects you from acid and corrosion.
   rMut:      It protects you from mutation.
   Will:      It increases your willpower.
 K - a +2 cloak of cold resistance (worn)
 W - a +2 ring mail of fire resistance (worn)
 X - the +0 pair of gloves of Complete Protection (worn) {rN++}
   (You found it on level 1 of the Swamp)

   rN:        It greatly protects you from negative energy.
Jewellery
 y - the ring of the Dragon (right hand) {rPois Will+ Str+6}
   (You found it in an ice cave)

   [ring of strength]

   Str:       It affects your strength (+6).
   rPois:     It protects you from poison.
   Will:      It increases your willpower.
 A - the ring of Feth {*Slow rF+ rC+ Str+2 Dex+4}
   (You took it off a deep elf annihilator on level 3 of the Elven Halls)

   [ring of protection from fire]

   Str:       It affects your strength (+2).
   Dex:       It affects your dexterity (+4).
   rF:        It protects you from fire.
   rC:        It protects you from cold.
   *Slow:     It may slow you when you take damage.
 H - the ring "Viteych Qius" {rF++ Int+6 Dex+3}
   (You found it on level 1 of the Swamp)

   [ring of intelligence]

   Int:       It affects your intelligence (+6).
   Dex:       It affects your dexterity (+3).
   rF:        It greatly protects you from fire.
 I - the ring of Gyfos {Fly rElec rC+ rN++ Str-2}
   (You found it on level 1 of the Vaults)

   [ring of protection from cold]

   Str:       It affects your strength (-2).
   rC:        It protects you from cold.
   rElec:     It insulates you from electricity.
   rN:        It greatly protects you from negative energy.
   Fly:       It grants you flight.
 O - the ring of the Yeti (left hand) {rElec rF+ rC+ rCorr Int+3}
   (You found it on level 7 of the Dungeon)

   [ring of protection from cold]

   Int:       It affects your intelligence (+3).
   rF:        It protects you from fire.
   rC:        It protects you from cold.
   rElec:     It insulates you from electricity.
   rCorr:     It protects you from acid and corrosion.
 V - an amulet of reflection (around neck)
Wands
 g - a wand of digging (9)
 i - a wand of polymorph (28)
 j - a wand of flame (33)
 D - a wand of paralysis (41)
 G - a wand of acid (23)
 P - a wand of mindburst (19)
 T - a wand of iceblast (37)
Scrolls
 c - 12 scrolls of fog
 d - 14 scrolls of teleportation
 e - 5 scrolls of fear
 l - 5 scrolls of vulnerability
 t - a scroll of silence
 u - 2 scrolls of immolation
 v - 4 scrolls of summoning
 B - 2 scrolls of torment
 F - 8 scrolls of poison
 J - 9 scrolls of magic mapping
Potions
 f - 3 potions of haste
 k - 11 potions of heal wounds
 m - 4 potions of might
 o - 25 potions of curing
 p - 6 potions of mutation
 q - a potion of cancellation
 r - 6 potions of brilliance
 z - 6 potions of resistance
 N - 7 potions of ambrosia
 R - 4 potions of magic
 S - 5 potions of invisibility
Miscellaneous
 n - a phial of floods
 L - a condenser vane
 Q - a box of beasts (inert)
 Y - a phantom mirror (inert)


   Skills:
 + Level 14.1 Fighting
 + Level 17.0 Short Blades
 + Level 5.7 Throwing
 + Level 9.2 Armour
 + Level 16.6 Dodging
 + Level 19.9 Stealth
 * Level 18.1 Shields
 * Level 8.4 Spellcasting
 - Level 5.0 Conjurations
 * Level 19.7 Hexes
 * Level 9.7 Necromancy
 - Level 4.0 Fire Magic
 - Level 8.0 Ice Magic
 - Level 9.0 Evocations


You had 2 spell levels left.
You knew the following spells:

 Your Spells              Type           Power      Damage    Failure   Level
a - Ensorcelled Hibernat  Hex/Ice        100%       N/A       1%          2
b - Confusing Touch       Hex            73%        N/A       1%          3
c - Dazzling Flash        Conj/Hex       100%       N/A       1%          3
d - Slow                  Hex            100%       N/A       0%          1
e - Anguish               Hex/Necr       30%        N/A       1%          4
f - Fulminant Prism       Conj/Hex       27%        3d14      2%          4
g - Inner Flame           Hex/Fire       54%        N/A       1%          3
h - Cause Fear            Hex            36%        N/A       1%          4
i - Vampiric Draining     Necr           47%        2d9       2%          3
j - Dispel Undead         Necr           47%        3d18      8%          4
k - Metabolic Englaciati  Hex/Ice        29%        N/A       4%          5

Your spell library contained the following spells:

 Spells                   Type           Power      Damage    Failure   Level
 Kiss of Death            Conj/Necr      100%       2d13      1%          1
 Magic Dart               Conj           100%       1d8       5%          1
 Foxfire                  Conj/Fire      100%       2x1d9     7%          1
 Searing Ray              Conj           56%        2d6       9%          2
 Shock                    Conj/Air       72%        1d7       16%         1
 Static Discharge         Conj/Air       36%        2-4/arc   24%         2
 Apportation              Tloc           16%        N/A       41%         1
 Sandblast                Erth           16%        2d6       41%         1
 Lesser Beckoning         Tloc           16%        N/A       54%         2
 Portal Projectile        Hex/Tloc       96%        N/A       2%          3
 Leda's Liquefaction      Hex/Erth       24%        N/A       8%          4
 Hailstorm                Conj/Ice       34%        3d9       9%          3
 Silence                  Hex/Air        24%        N/A       21%         5
 Agony                    Necr           47%        N/A       22%         5
 Stone Arrow              Conj/Erth      36%        3d9       43%         3
 Volatile Blastmotes      Fire/Tloc      32%        2d12      50%         3
 Flame Wave               Conj/Fire      26%        2d8       56%         4
 Sticky Flame             Conj/Fire      26%        2d5       56%         4
 Death Channel            Necr           23%        N/A       77%         6
 Gell's Gravitas          Tloc           8%         N/A       78%         3
 Swiftness                Air            8%         N/A       78%         3
 Teleport Other           Tloc           8%         N/A       78%         3
 Vhi's Electric Charge    Tloc/Air       16%        N/A       78%         3
 Iskenderun's Mystic Bla  Conj/Tloc      18%        2d6       83%         4
 Iskenderun's Battlesphe  Conj           28%        2d8       83%         5
 Borgnjor's Vile Clutch   Necr/Erth      14%        N/A       85%         5
 Simulacrum               Ice/Necr       22%        N/A       86%         6
 Freezing Cloud           Conj/Ice/Air   12%        6-21      90%         5
 Airstrike                Air            4%         2d(1-17)  99%         4
 Arcjolt                  Conj/Air       9%         1d19      99%         5
 Lee's Rapid Deconstruct  Erth           4%         3d5*      100%        5
 Iron Shot                Conj/Erth      9%         9d3       100%        6
 Plasma Beam              Fire/Air       8%         2x1d20    100%        6
 Starburst                Conj/Fire      13%        6d5       100%        6
 Lehudib's Crystal Spear  Conj/Erth      9%         10d4      100%        8
 Maxwell's Capacitive Co  Air            4%         ∞         100%        8
 Chain Lightning          Conj/Air       9%         3d12      100%        9
 Cigotuvi's Dreadful Rot  Necr/Pois/Air  Unusable   N/A       N/A         2
 Passwall                 Tmut/Erth      Unusable   N/A       N/A         2
 Poisonous Vapours        Pois/Air       Unusable   N/A       N/A         2
 Mephitic Cloud           Conj/Pois/Air  Unusable   N/A       N/A         3
 Ice Form                 Ice/Tmut       Unusable   N/A       N/A         4
 Call Canine Familiar     Summ           Unusable   N/A       N/A         3
 Spider Form              Tmut/Pois      Unusable   N/A       N/A         3
 Petrify                  Tmut/Erth      Unusable   N/A       N/A         4
 Summon Lightning Spire   Summ/Air       Unusable   N/A       N/A         4
 Alistair's Intoxication  Tmut/Pois      Unusable   N/A       N/A         5
 Summon Forest            Summ/Tloc      Unusable   N/A       N/A         5
 Eringya's Noxious Bog    Tmut/Pois      Unusable   N/A       N/A         6
 Summon Hydra             Summ           Unusable   N/A       N/A         7
 Borgnjor's Revivificati  Necr           Unusable   N/A       N/A         8

Dungeon Overview and Level Annotations

Branches:
Dungeon (15/15)            Temple (1/1) D:6            Lair (5/5) D:11
  Swamp (4/4) Lair:2       Spider (4/4) Lair:2        Slime (5/5) Lair:5
    Orc (2/2) D:12            Elf (3/3) Orc:2        Vaults (5/5) D:14
  Crypt (1/3) Vaults:2     Depths (3/4) D:15         Bailey (visited)
  IceCv (visited)         Desolation (visited)

Altars:
Ashenzari
Cheibriados
Dithmenos
Fedhas
Gozag
Hepliaklqana
Kikubaaqudgha
Makhleb
Nemelex Xobeh
Okawaru
Qazlal
Ru
Sif Muna
Trog
Uskayaw
Vehumet
Wu Jian
Xom
Yredelemnul
Jiyva
Lugonu

Shops:
D:6 !   D:14 ([[   Orc:2 *([*   Elf:1 (*   Vaults:2 (   Vaults:4 *

Portals:
Hell: Depths:1 Depths:2
Abyss: Depths:1 Depths:2
Pandemonium: Depths:2
Ziggurat: Depths:1
Trove: D:14 (give +4 storm dragon scales)

Annotations:
Swamp:2 Roxanne
Slime:5 Royal Jelly


Innate Abilities, Weirdness & Mutations

You do not regenerate when monsters are visible.
You are frail without blood (-20% HP).
You can heal yourself when you bite living creatures.
You are immune to poison.
You have razor-sharp teeth.
You have supernaturally acute eyesight. (SInv)
You are very weak. (Str -4)
You cannot study or cast Poison magic.
You cannot study or cast Summoning magic.
You cannot study or cast Transmutations magic.
You are slightly weak-willed. (Will-)
You are sensitive to extremes of temperature. (rF-, rC-)
You are afflicted with vampirism and can become a bat while bloodless.
((You sometimes lose your temper in combat.))
You are frail. (-10% HP)
You have hidden genetic defects.


Message History

You impale the acid blob!!
Your hands burn!
You bite the acid blob, but do no damage.
The acid blob is moderately wounded.
The azure jelly seems to regain its courage.
You block the azure jelly's attack. x3
The azure jelly hits you but does no damage.
The acid blob spits acid at you. The splash of acid hits you! You resist.
* * * LOW HITPOINT WARNING * * *
The acid blob is stunned by your conviction and fails to attack.
The acid blob spits acid at you.
You block splash of acid... and reflect it back!
The splash of acid hits the acid blob.
The acid blob completely resists.
Okay, then.
As you read the scroll of teleportation, it crumbles to dust.
You feel strangely unstable. You block the azure jelly's attack.
The azure jelly barely misses you. You block the azure jelly's attack.
The azure jelly hits you.
* * * LOW HITPOINT WARNING * * *
You block the acid blob's attack.
The acid blob hits you but does no damage.
The acid blob is stunned by your conviction and fails to attack.
The azure jelly hits you!
* * * LOW HITPOINT WARNING * * *
The azure jelly freezes you! You resist.
* * * LOW HITPOINT WARNING * * *
You block the azure jelly's attack. The azure jelly misses you. x2
You feel much better.
The Royal Jelly stops glowing.
You block the acid blob's attack. The acid blob hits you!!
* * * LOW HITPOINT WARNING * * *
You are splashed with acid.
You resist.
* * * LOW HITPOINT WARNING * * *
You block the acid blob's attack.
The azure jelly is stunned by your conviction and fails to attack.
Blink to where?
Press: ? - help, Dir - move target
As you read the scroll of blinking, it crumbles to dust.
The acid blob spits acid at you. The splash of acid hits you! You resist.
You die...

.##.......................#
####.....................###
##?##......................#
#[[!##....................##
##!:[###...................##
#[)φ[(###...................#
##$/(/##...................###
#[#$!###.....................#
########........@...........##
.#...#......................#
...#...#...................#.#
#########..................###
#[#[?# #..................#
##))!$# #.................##
#==[))###J...............##
##(|$##JJJ...............#
#=()###..J..............##


You could see 2 acid blobs.

Vanquished Creatures
  Mara (Depths:2)
  Boris (Vaults:2)
  Xtahua (Vaults:4)
  2 caustic shrikes (Depths:2)
  Nikola (Depths:1)
  A tentacled monstrosity (Swamp:1)
  Jorgrun (Orc:2)
  A walking divine tome (Depths:2)
  Mlioglotl (Swamp:4)
  Asterion (Vaults:2)
  2 quicksilver dragons (Depths:2)
  4 deep elf blademasters
  12 acid blobs
  A deep elf master archer (Elf:3)
  4 sphinxes
  Agnes (Spider:4)
  An ancient champion (Elf:2)
  A tentacled starspawn (Abyss:3)
  The ghost of Jeyniew the Grappler, an adept TrMo of Nemelex Xobeh (Elf:2)
  Donald (Spider:4)
  A tengu reaver (Vaults:3)
  3 thorn hunters
  14 azure jellies
  9 rockslimes
  15 emperor scorpions
  5 fire giants
  A draconian knight (Vaults:3)
  4 deep elf sorcerers
  An iron dragon (Depths:2)
  7 vault wardens
  Louise (D:15)
  4 frost giants
  3 ghost moths (Spider:4)
  Aizul (Elf:1)
  4 imperial myrmidons
  The ghost of esper6 the Thaumaturge, a journeyman GnNe of Cheibriados (Swamp:1)
  3 orc warlords
  7 deep elf elementalists
  2 ghouls (Swamp:4)
  2 spriggan defenders
  A war gargoyle (Vaults:4)
  6 quicksilver oozes
  7 ironbound thunderhulks
  9 ironbound preservers
  A vampire knight (Depths:2)
  17 very ugly things
  3 deep elf demonologists (Elf:3)
  10 stone giants
  3 halazid warlocks (Desolation)
  4 dire elephants
  4 eleionomae
  7 deep elf annihilators (Elf:3)
  8 bunyips
  6 spark wasps
  5 deep elf death magi
  2 eidola (Vaults:2)
  A crystal guardian (Vaults:3)
  3 fire dragons
  2 ettins (Depths:2)
  2 deep elf high priests
  3 jiangshi (Depths:2)
  8 entropy weavers
  3 shambling mangroves
  7 ragged hierophants
  9 yaktaur captains
  2 rakshasas (Depths:2)
  11 vault guards
  2 ghost crabs
  8 great orbs of eyes
  11 peacekeepers
  4 radroaches
  17 hydras
  4 servants of whispers
  9 ironbound frosthearts
  3 catoblepae
  Erica (Orc:2)
  16 two-headed ogres
  4 ogre magi (Orc:2)
  7 alligators
  16 boulder beetles
  2 spriggan air magi
  A death knight (D:15)
  6 ice dragons
  An anaconda (shapeshifter) (Depths:2)
  24 centaur warriors
  A deep troll shaman (Depths:2)
  23 dancing weapons
  5 deep troll earth magi
  An orc high priest (Orc:2)
  3 vampire magi
  A hell hog (Abyss:3)
  11 hell knights
  A tengu warrior (D:11)
  8 death yaks (Lair:5)
  A thrashing horror (Abyss:3)
  8 spriggans
  23 deep elf knights
  3 spriggan berserkers
  2 wretched stars (Abyss:3)
  Nergalle (Orc:2)
  A skyshark (Lair:4)
  3 pharaoh ants
  2 iron trolls
  A spriggan druid (Swamp:2)
  A sun moth (Spider:3)
  32 deep trolls
  A death drake (Swamp:1)
  4 goliath frogs
  A spatial maelstrom (Abyss:3)
  9 swamp dragons
  2 glowing orange brains
  A flayed ghost (Depths:2)
  2 obsidian statues (Elf:3)
  A bog body (Swamp:2)
  A large abomination (Abyss:3)
  14 deep elf archers
  13 orb spiders
  3 steelbarb worms
  9 lindwurms
  5 necromancers
  6 wizards
  31 deep elf pyromancers
  10 orc knights
  2 harpies (shapeshifter)
  16 ironbound convokers
  21 deep elf zephyrmancers
  3 orc sorcerers
  19 wolf spiders
  42 ugly things
  An elephant (shapeshifter) (Vaults:4)
  9 manticores
  6 shining eyes
  A worldbinder (Abyss:3)
  3 moths of wrath
  An oklob plant (Swamp:2)
  7 cyclopes
  2 will-o-the-wisps
  17 elephants
  8 demonic crawlers
  4 black mambas
  16 vault sentinels
  2 eyes of devastation (Slime:2)
  2 ice statues (IceCv)
  Joseph (D:7)
  A molten gargoyle (Desolation)
  7 torpor snails
  3 unseen horrors
  2 gargoyles
  4 rime drakes
  5 cane toads
  An orange demon (Abyss:3)
  24 yaktaurs
  A tengu conjurer (D:11)
  4 komodo dragons
  A freezing wraith (Vaults:2)
  An ice devil (Abyss:3)
  An efreet (D:14)
  A meliai (D:9)
  An ancient zyme (Abyss:3)
  A bloated husk (Swamp:2)
  6 trolls
  31 saltlings (Desolation)
  11 tyrant leeches
  A polar bear (Lair:3)
  A hellwing (Abyss:3)
  25 hornets
  2 raiju (Abyss:3)
  30 blink frogs
  5 dream sheep (Lair:3)
  26 tarantellas
  148 slime creatures
  30 jumping spiders
  A centaur simulacrum (D:11)
  2 shadows (D:12)
  2 air elementals (Elf:2)
  2 water elementals
  15 culicivoras
  4 wyverns
  4 wraiths
  4 basilisks
  64 yaks
  A human (shapeshifter) (Elf:3)
  A golden eye (Slime:5)
  62 redbacks
  15 vampire mosquitoes
  5 steam dragons
  A chaos spawn (Abyss:3)
  4 fire elementals
  2 wargs (D:15)
  2 spatial vortices (Abyss:3)
  20 swamp worms
  13 water moccasins
  An acid dragon (D:9)
  30 orc warriors
  6 ice beasts
  4 great orb of eyes simulacra (IceCv)
  7 swamp drakes
  5 black bears
  3 centaurs
  25 ogres
  3 wolves (D:11)
  2 small abominations (Abyss:3)
  2 phantoms
  2 slime creature simulacra (IceCv)
  5 kobold brigands
  11 bullfrogs
  2 gnoll sergeants
  5 glowing shapeshifter simulacra (IceCv)
  5 scorpions
  2 earth elementals
  9 wights
  8 killer bees
  An oklob sapling (Swamp:2)
  3 electric eels (D:13)
  7 howler monkeys
  4 hounds
  4 jellies
  16 orc priests
  2 sleepcaps
  4 gnoll boudas
  An iron imp (Abyss:3)
  2 hell rats (Lair:1)
  3 iguanas
  18 orc wizards
  Terence (D:2)
  A shapeshifter simulacrum (IceCv)
  29 gnolls
  9 river rats (Lair:1)
  3 adders
  A shadow imp (D:7)
  3 white imps
  An ufetubus (D:4)
  4 worms (Spider:3)
  A dart slug (D:1)
  64 orcs
  3 endoplasms
  5 giant cockroaches
  8 goblins
  11 hobgoblins
  A quokka (D:2)
  4 ball pythons (D:1)
  4 bats
  2 frilled lizards (D:2)
  30 kobolds
  A rat (D:3)
1821 creatures vanquished.

Vanquished Creatures (collateral kills)
  the Lernaean hydra (Swamp:4)
  A tyrant leech (Swamp:4)
  An ogre (Orc:2)
3 creatures vanquished.

Vanquished Creatures (others)
  A deep elf blademaster (Elf:3)
  An acid blob (Slime:1)
  A frost giant (Depths:1)
  A spriggan defender (Vaults:3)
  A ghoul (Swamp:4)
  A deep elf high priest (Elf:3)
  An ettin (Depths:1)
  A hydra (Swamp:4)
  A catoblepas (Lair:5)
  A centaur warrior (D:11)
  A dancing weapon (Elf:2)
  A vampire mage (Depths:2)
  A deep elf knight (Elf:1)
  A pharaoh ant (Spider:3)
  A flayed ghost (Depths:1)
  A deep elf pyromancer (Elf:2)
  A deep elf zephyrmancer (Elf:2)
  A wizard (Depths:1)
  A manticore (Lair:5)
  An elephant (Lair:4)
  A cane toad (Lair:2)
  2 komodo dragons
  2 bloated husks
  3 saltlings
  A raiju (Abyss:3)
  4 slime creatures
  2 jumping spiders
  A yak (Lair:3)
  A vampire mosquito (D:11)
  An ogre (Orc:2)
  A gnoll (Bailey)
  An orc (D:15)
  A kobold (D:6)
  14 foxfires
  12 fulminant prisms
  A lurking horror (Swamp:2)
  5 starspawn tentacles (Abyss:3)
73 creatures vanquished.

Grand Total: 1897 creatures vanquished

Notes
Turn   | Place    | Note
-------+----------+-------------------------------------------
     0 | D:5      | monsoonserge the Vampire Delver began the quest for the
                  | Orb.
     0 | D:5      | Reached XP level 1. HP: 17/17 MP: 1/1
    58 | D:5      | Reached XP level 2. HP: 23/23 MP: 2/2
    68 | D:5      | Gained mutation: You are afflicted with vampirism and can
                  | become a bat while bloodless. [Vampire growth]
    68 | D:5      | Reached XP level 3. HP: 28/28 MP: 3/3
   817 | D:1      | Found a faded altar of an unknown god.
   842 | D:1      | Prayed at the altar of an unknown god.
   842 | D:1      | Became a worshipper of Ru the Awakened
   855 | D:1      | Gained mutation: You cannot study or cast Poison magic. [Ru
                  | sacrifice]
   855 | D:1      | Gained mutation: You cannot study or cast Transmutations
                  | magic. [Ru sacrifice]
   855 | D:1      | Gained mutation: You cannot study or cast Summoning magic.
                  | [Ru sacrifice]
   855 | D:1      | Reached * piety under Ru
   911 | D:1      | Reached XP level 4. HP: 27/27 MP: 4/4
  1057 | D:2      | Noticed Terence
  1514 | D:2      | Killed Terence
  2040 | D:3      | Reached skill level 1 in Armour
  2404 | D:4      | Noticed a scorpion
  2405 | D:4      | Noticed a scorpion
  2548 | D:4      | Noticed a phantom
  2554 | D:4      | Killed a phantom
  2555 | D:4      | Reached skill level 1 in Evocations
  2555 | D:4      | Reached XP level 5. HP: 32/32 MP: 5/5
  2606 | D:4      | Reached XP level 6. HP: 34/37 MP: 6/6
  3045 | D:5      | Reached skill level 5 in Short Blades
  3045 | D:5      | Reached XP level 7. HP: 41/41 MP: 7/7
  3517 | D:5      | Reached XP level 8. HP: 45/48 MP: 6/8
  3568 | D:5      | Gained mutation: You are sensitive to extremes of
                  | temperature. (rF-, rC-) [Ru sacrifice]
  3568 | D:5      | Reached ** piety under Ru
  3568 | D:5      | Reached *** piety under Ru
  4236 | D:6      | Found a stormy altar of Qazlal.
  4236 | D:6      | Found an opulent altar of Gozag.
  4662 | D:6      | Found a staircase to the Ecumenical Temple.
  4699 | Temple   | Entered the Ecumenical Temple
  4712 | D:6      | Found Suipet's Distillery.
  4895 | D:7      | Found a shimmering altar of Xom.
  5015 | D:7      | Reached XP level 9. HP: 53/53 MP: 9/9
  5066 | D:7      | Noticed Joseph
  5103 | D:7      | Killed Joseph
  5104 | D:7      | Reached skill level 5 in Fighting
  5489 | D:7      | Reached skill level 5 in Dodging
  5542 | D:7      | Noticed a manticore
  5547 | D:7      | Found a large runed translucent door.
  5547 | D:7      | Found a large runed translucent door.
  5548 | D:7      | Noticed an unseen horror
  5570 | D:7      | HP: 1/54 [manticore (5)]
  5572 | D:7      | Killed a manticore
  5573 | D:7      | Reached skill level 10 in Stealth
  5573 | D:7      | Noticed a gargoyle
  5782 | D:7      | Found a large runed translucent door.
  5782 | D:7      | Found a large runed translucent door.
  5826 | D:7      | Noticed an unseen horror
  5852 | D:7      | Killed an unseen horror
  5853 | D:7      | Reached XP level 10. HP: 29/60 MP: 4/10
  6386 | D:6      | Bought a potion of might for 56 gold pieces
  6598 | D:8      | Reached skill level 10 in Short Blades
  6608 | D:8      | Gained mutation: You are weak. (Str -2) [Ru sacrifice]
  7058 | D:8      | Reached skill level 1 in Throwing
  7669 | D:8      | Learned a level 1 spell: Slow
  7965 | D:9      | Reached skill level 1 in Hexes
  8001 | D:9      | Reached skill level 1 in Spellcasting
  8168 | D:9      | Found a flagged portal.
  8248 | Bailey   | Entered a bailey
  8253 | Bailey   | Noticed an orc warlord
  8380 | Bailey   | Noticed an orc knight
  8419 | Bailey   | Killed an orc knight
  8574 | Bailey   | Found a runed translucent gate.
  8576 | Bailey   | Found a runed translucent gate.
  8578 | Bailey   | Found a runed translucent gate.
  8694 | Bailey   | Killed an orc warlord
  8708 | Bailey   | Identified the +0 robe "Ywkeb" {+Blink rN++ Str-3 Int-2
                  | SInv}
  8822 | Bailey   | Learned a level 3 spell: Confusing Touch
  9050 | D:9      | Reached XP level 11. HP: 26/67 MP: 7/12
  9077 | D:9      | Gained mutation: You are slightly weak-willed. (Will-) [Ru
                  | sacrifice]
  9077 | D:9      | Reached **** piety under Ru
  9077 | D:9      | Reached ***** piety under Ru
  9296 | D:9      | Noticed a centaur warrior
  9315 | D:9      | Killed a centaur warrior
  9316 | D:9      | Reached skill level 5 in Evocations
  9421 | D:9      | Noticed a two-headed ogre
  9427 | D:9      | Noticed a two-headed ogre
  9437 | D:9      | Killed a two-headed ogre
  9438 | D:9      | Reached skill level 5 in Hexes
  9445 | D:9      | Killed a two-headed ogre
  9544 | D:9      | Noticed a centaur warrior
  9544 | D:9      | Noticed a cyan ugly thing
  9544 | D:9      | Noticed a boulder beetle
  9544 | D:9      | Noticed a wizard
  9544 | D:9      | Noticed a boulder beetle
  9544 | D:9      | Noticed a boulder beetle
  9768 | D:10     | Entered Level 10 of the Dungeon
 10227 | D:10     | Learned a level 3 spell: Dazzling Flash
 10321 | D:10     | Reached skill level 1 in Conjurations
 10967 | D:10     | Found a shimmering blue altar of Sif Muna.
 11292 | D:11     | Reached XP level 12. HP: 62/74 MP: 15/15
 11336 | D:11     | Reached XP level 13. HP: 80/80 MP: 16/16
 11413 | D:11     | Reached skill level 10 in Dodging
 11933 | D:11     | Found a staircase to the Lair.
 12287 | Lair:1   | Entered Level 1 of the Lair of Beasts
 13533 | Lair:2   | Reached skill level 10 in Fighting
 13968 | Lair:2   | Identified the +1 hand axe of World Downfall {heavy, rPois
                  | rF+ rN+}
 14095 | Lair:2   | Found a hole to the Spider Nest.
 14155 | Lair:2   | Reached skill level 5 in Throwing
 14447 | Lair:2   | Found a staircase to the Swamp.
 14558 | Spider:1 | Entered Level 1 of the Spider Nest
 14585 | Spider:1 | HP: 2/82 [radroach (41)]
 15170 | Lair:3   | Identified the +0 robe of Niackac {MP+9 Str+5 Dex+3}
 15374 | Lair:3   | Gained mutation: You are very weak. (Str -4) [Ru sacrifice]
 15639 | Lair:3   | Reached XP level 14. HP: 88/88 MP: 18/18
 16010 | Lair:3   | Learned a level 2 spell: Ensorcelled Hibernation
 16177 | Lair:4   | Reached skill level 1 in Ice Magic
 16263 | Lair:4   | Found a frozen archway.
 16278 | IceCv    | Entered an ice cave
 16452 | IceCv    | Got the Secrets of the Snowflakes
 17780 | IceCv    | Noticed an azure jelly
 17794 | IceCv    | Found a viscous altar of Jiyva.
 17794 | IceCv    | Noticed an azure jelly
 17801 | IceCv    | Killed an azure jelly
 17847 | IceCv    | Identified the ring of the Dragon {rPois Will+ Str+6}
 19109 | Lair:4   | Identified the +1 long sword of Guile {antimagic, Str+8
                  | Int-4 Stlth+}
 19233 | Lair:5   | Entered Level 5 of the Lair of Beasts
 19593 | Lair:5   | Reached skill level 10 in Hexes
 20020 | Lair:5   | Found a staircase to the Slime Pits.
 20061 | Lair:5   | Found a viscous altar of Jiyva.
 20243 | Lair:5   | Learned a level 4 spell: Anguish
 20619 | Lair:5   | Reached skill level 1 in Necromancy
 20838 | Lair:5   | HP: 4/88 [death yak (18)]
 21345 | D:7      | Identified the ring of the Yeti {rElec rF+ rC+ rCorr Int+3}
 22383 | D:12     | Found a staircase to the Orcish Mines.
 22385 | D:12     | Reached XP level 15. HP: 94/94 MP: 21/21
 22854 | D:12     | Identified the +9 rapier of Untimely Demise {heavy,
                  | *Corrode rPois Dex+5}
 24713 | D:14     | Reached skill level 15 in Stealth
 24770 | D:14     | Found Itsoikut's Weapon Boutique.
 24973 | D:14     | Found a gate to the Vaults.
 25333 | D:14     | Found a portal to a secret trove of treasure.
 25574 | D:14     | Identified the +6 quarterstaff of Conscience {holy, rF+
                  | Dex+2}
 25598 | D:14     | Found Guiffas's Armour Emporium.
 25615 | D:14     | Found Dailesif's Antique Armour Shoppe.
 25741 | D:14     | Bought a jewelled leather armour for 224 gold pieces
 25741 | D:14     | Identified the +2 leather armour "Laoqynn" {rN+ Str+2
                  | Slay+3} (You bought it in a shop on level 14 of the
                  | Dungeon)
 25791 | D:15     | Entered Level 15 of the Dungeon
 25877 | D:15     | Reached skill level 5 in Necromancy
 25970 | D:15     | Reached skill level 5 in Armour
 26396 | D:15     | Reached skill level 5 in Spellcasting
 26560 | D:15     | Noticed Louise
 26565 | Abyss:3  | Found a corrupted altar of Lugonu.
 26565 | Abyss:3  | Cast into level 3 of the Abyss (Louise)
 26753 | Abyss:3  | Found a corrupted altar of Lugonu.
 26852 | Abyss:3  | Found a corrupted altar of Lugonu.
 26880 | Abyss:3  | Noticed a tentacled starspawn
 26902 | Abyss:3  | Killed a tentacled starspawn
 26951 | Abyss:3  | Noticed a bone dragon
 26983 | Abyss:3  | Noticed a bone dragon
 26983 | Abyss:3  | Noticed a tentacled monstrosity
 27017 | Abyss:3  | Found a corrupted altar of Lugonu.
 27106 | Abyss:3  | Reached skill level 5 in Ice Magic
 27456 | Abyss:3  | Found a corrupted altar of Lugonu.
 27478 | Abyss:3  | Noticed a tentacled starspawn
 27645 | Abyss:3  | Noticed a Hell Sentinel
 27667 | Abyss:3  | Noticed a profane servitor
 27761 | D:15     | Escaped the Abyss
 27797 | D:15     | Killed Louise
 27977 | Orc:1    | Entered Level 1 of the Orcish Mines
 28019 | Orc:2    | Entered Level 2 of the Orcish Mines
 28027 | Orc:1    | Noticed Erica
 28045 | Orc:2    | Killed Erica
 28164 | Orc:1    | Noticed Nergalle
 28241 | Orc:2    | Killed Nergalle
 28346 | Orc:2    | Noticed Jorgrun
 29061 | Orc:2    | Killed Jorgrun
 29062 | Orc:2    | Reached XP level 16. HP: 100/100 MP: 23/23
 29133 | Orc:2    | Found a staircase to the Elven Halls.
 29715 | Elf:1    | Entered Level 1 of the Elven Halls
 29715 | Elf:1    | Found Wikolon's Assorted Antiques.
 29719 | Elf:1    | Found Rogriyv's Weapon Emporium.
 29803 | Elf:1    | Noticed Aizul
 29827 | Elf:1    | Killed Aizul
 30279 | Orc:2    | Found Uppus's Weapon Boutique.
 30279 | Orc:2    | Found Ogefen's Assorted Antiques.
 30280 | Orc:2    | Found Huravor's General Store.
 30280 | Orc:2    | Found Pettuuk's Armour Boutique.
 30290 | Orc:2    | Bought a scroll of teleportation for 36 gold pieces
 30959 | Lair:2   | Learned a level 4 spell: Fulminant Prism
 32050 | Spider:1 | Identified the staff of fire "Soaj" {rF+ Will+}
 32882 | Spider:2 | Identified the +3 chain mail of Beyond {rN+ Regen+ Int-3}
 33833 | Spider:2 | Reached XP level 17. HP: 36/101 MP: 20/24
 34742 | Spider:3 | Reached skill level 15 in Short Blades
 35579 | Spider:3 | Identified a scroll of acquirement
 35580 | Spider:3 | Acquired 418 gold pieces
 35640 | Spider:4 | Entered Level 4 of the Spider Nest
 35799 | Spider:4 | Noticed Donald
 35818 | Spider:4 | Killed Donald
 35963 | Spider:4 | Identified the +6 sling of Earthquakes {heavy, Drain +Blink
                  | Int+3 Dex+4}
 36024 | Spider:4 | Identified the +3 spear "Xiugrah" {freeze, Int+8}
 36030 | Spider:4 | Identified the +1 plate armour of Yesterday {rElec}
 36177 | Spider:3 | Reached skill level 1 in Shields
 36177 | Spider:3 | Reached skill level 15 in Hexes
 37123 | Spider:4 | Acquired 946 gold pieces
 37206 | Spider:4 | Noticed Agnes
 37214 | Spider:4 | Killed Agnes
 38457 | Spider:4 | Reached skill level 5 in Shields
 38661 | Spider:4 | Got a gossamer rune of Zot
 39429 | Lair:5   | Identified the ring "Vilotaug" {*Corrode rElec rPois Str+4
                  | Dex+6}
 39752 | Swamp:1  | Entered Level 1 of the Swamp
 39765 | Swamp:1  | Reached XP level 18. HP: 112/112 MP: 25/25
 39801 | Swamp:1  | Found a transporter.
 39877 | Swamp:1  | Found a transporter.
 40090 | Swamp:1  | Identified the ring "Viteych Qius" {rF++ Int+6 Dex+3}
 40098 | Swamp:1  | Identified the +0 pair of gloves of Complete Protection
                  | {rN++}
 40349 | Swamp:1  | Found a transporter.
 40350 | Swamp:1  | Noticed a tentacled monstrosity
 40353 | Swamp:1  | Noticed esper6's ghost (journeyman GnNe)
 40480 | Swamp:1  | Found a transporter.
 41567 | Swamp:2  | Identified Roxanne's Encyclopedia of the Xenotype
 41567 | Swamp:2  | Noticed Roxanne
 41878 | Swamp:3  | Learned a level 3 spell: Inner Flame
 42591 | Swamp:4  | Entered Level 4 of the Swamp
 42664 | Swamp:4  | Reached skill level 1 in Fire Magic
 43244 | Swamp:4  | Noticed Mlioglotl
 43250 | Swamp:4  | Killed Mlioglotl
 43941 | Swamp:4  | Noticed the 27-headed Lernaean hydra
 44318 | Swamp:4  | Killed the 27-headed Lernaean hydra
 44421 | Swamp:4  | Got a decaying rune of Zot
 44861 | Vaults:1 | Entered Level 1 of the Vaults
 45562 | D:14     | Reached XP level 19. HP: 113/118 MP: 28/28
 46098 | Vaults:1 | Identified the +3 great sword of Regicide {distort, Stlth+}
 46490 | Vaults:1 | Identified the ring of Gyfos {Fly rElec rC+ rN++ Str-2}
 46943 | Vaults:2 | Noticed Boris
 46979 | Vaults:2 | Killed Boris
 47414 | Vaults:2 | Found a staircase to the Crypt.
 47551 | Vaults:2 | Found a crumbling gateway.
 47556 | Vaults:2 | Noticed Asterion
 47566 | Vaults:2 | Reached skill level 10 in Shields
 47567 | Vaults:2 | Killed Asterion
 47695 | Desolati | Entered the Desolation of Salt
 47993 | Desolati | Got the Grimoire of the Undertaker
 48061 | Desolati | Identified the ring of Misuaf {Ice rPois MP+9 Str+8 Dex-2}
 48145 | Desolati | Reached skill level 15 in Dodging
 48392 | Desolati | Identified the ring "Odevvid" {Will+ Str+6}
 48449 | Desolati | Identified the +2 falchion "Anocoita" {freeze, rF- rC+
                  | Str+2 Stlth+}
 48455 | Desolati | Identified the +0 sling of the Lurker {flame, rElec Int+3}
 48501 | Desolati | Identified the ring of Gim Xef {Fly Int+3}
 48539 | Desolati | Identified the +10 arbalest "Iczuy" {penet, *Slow rPois
                  | Str+3}
 48539 | Desolati | Identified the +6 flail "Hiob" {holy, rN+}
 48730 | Desolati | Identified the +10 long sword "Cyuntofuss" {flame, rElec
                  | rPois Str+3}
 49469 | Vaults:2 | Learned a level 4 spell: Cause Fear
 49651 | Vaults:2 | Reached XP level 20. HP: 124/124 MP: 30/30
 49750 | Vaults:2 | Found Kapteoqi's Weapon Shoppe.
 50274 | Crypt:1  | Entered Level 1 of the Crypt
 50378 | Vaults:3 | Reached skill level 5 in Conjurations
 52388 | Vaults:3 | Identified the +3 spear of the Dragonfly {freeze, +Blink
                  | rElec Dex-4 SInv}
 52729 | Vaults:4 | Found Goecwamn's General Store.
 52867 | Vaults:4 | Acquired the -2 hat of the Alchemist {rElec rPois rF+ rC+
                  | rN+ Will+ rMut rCorr}
 52867 | Vaults:4 | Found the -2 hat of the Alchemist {rElec rPois rF+ rC+ rN+
                  | Will+ rMut rCorr}
 53893 | Vaults:4 | Noticed Xtahua
 53898 | Vaults:4 | Killed Xtahua
 54146 | Vaults:5 | Entered Level 5 of the Vaults
 54360 | D:15     | Found a staircase to the Depths.
 54639 | Depths:1 | Entered Level 1 of the Depths
 55385 | Orc:2    | Reached XP level 21. HP: 128/129 MP: 30/33
 56854 | Elf:2    | Noticed Jeyniew's ghost (adept TrMo)
 56886 | Elf:2    | Paralysed by an air elemental for 1 turns
 57321 | Elf:2    | Found a runed translucent gate.
 57322 | Elf:2    | Found a runed translucent gate.
 57322 | Elf:2    | Found a runed translucent gate.
 57554 | Elf:2    | Found a runed translucent door.
 57619 | Elf:2    | Killed Jeyniew's ghost
 57631 | Elf:2    | Got Heanah's Compilation of the Geologist
 57705 | Elf:3    | Entered Level 3 of the Elven Halls
 58498 | Elf:3    | Found a shimmering blue altar of Sif Muna.
 59159 | Elf:3    | Identified the ring of Feth {*Slow rF+ rC+ Str+2 Dex+4}
 59178 | Elf:3    | Reached skill level 15 in Shields
 59190 | Elf:3    | Identified the +3 broad axe of the Blessed Realm {pain,
                  | +Blink rN++ Will+}
 59190 | Elf:3    | Identified the +3 leather armour "Juaxaf" {rC+}
 59330 | Elf:3    | Identified the ring of Fijur {rN+ Will+}
 59333 | Elf:3    | Found the +8 longbow "Zephyr" {speed, Dex+3 SInv}
 59350 | Elf:3    | Identified the amulet "Haroesm" {rN+ Regen+ Str-5 Slay+6}
 59362 | Elf:3    | Identified the +0 scale mail of Follow the Leader {+Blink
                  | Str+4 Int+4}
 59373 | Elf:3    | Got The Last Secrets of the Rites and Rhymes
 59399 | Elf:3    | Identified the ring "Qaskiac" {rPois SInv}
 59401 | Elf:3    | Identified the +5 hand axe of Collyupn {holy, SInv}
 59407 | Elf:3    | Identified the +6 rapier "Musirch" {freeze, MP+9 Str+2}
 59429 | Elf:3    | Identified the +4 scimitar "Loopy" {speed, Int+3}
 59433 | Elf:3    | Got Didof's Vademecum on the Impact
 59552 | Elf:3    | Identified the +9 sling "Beetle's Undoing" {drain, rElec
                  | rN+ Will+ Int+4}
 61251 | Swamp:1  | Killed esper6's ghost
 61603 | Depths:1 | Reached XP level 22. HP: 127/128 MP: 29/34
 61639 | Depths:1 | Noticed Nikola
 61805 | Depths:1 | Killed Nikola
 61836 | Depths:1 | Found a gateway to Hell.
 61847 | Depths:1 | Found a corrupted altar of Lugonu.
 61847 | Depths:1 | Found a one-way gate to the infinite horrors of the Abyss.
 61895 | Depths:1 | Found a hide-covered altar of Uskayaw.
 61937 | Depths:1 | Found a broken altar of Ashenzari.
 61967 | Depths:1 | Identified the +5 great sword of Fate {protect, rC+ Will+
                  | rCorr}
 62127 | Depths:1 | Found a one-way gateway to a ziggurat.
 62301 | Depths:2 | Noticed Mara
 62305 | Depths:2 | Killed Mara
 63384 | Depths:2 | Found a one-way gate leading to the halls of Pandemonium.
 64399 | Depths:2 | Noticed a caustic shrike
 64407 | Depths:2 | Killed a caustic shrike
 64832 | Depths:2 | Noticed a caustic shrike
 64845 | Depths:2 | Killed a caustic shrike
 65013 | Depths:2 | Learned a level 3 spell: Vampiric Draining
 65063 | Depths:2 | Identified the +11 flail "Siukat" {spect, Dex+4}
 65063 | Depths:2 | Identified the -2 pair of gloves "Hitun" {rN+ Str+2}
 65996 | Slime:1  | Entered Level 1 of the Pits of Slime
 66638 | Slime:1  | Learned a level 4 spell: Dispel Undead
 68637 | Slime:3  | Reached XP level 23. HP: 142/142 MP: 35/35
 68653 | Slime:3  | Learned a level 5 spell: Metabolic Englaciation
 68840 | Slime:5  | Entered Level 5 of the Pits of Slime
 68882 | Slime:5  | Gained mutation: You have hidden genetic defects. [a
                  | shining eye]
 69744 | Slime:5  | Noticed the Royal Jelly
 69947 | Slime:5  | Found a viscous altar of Jiyva.
 69999 | Slime:5  | Gained mutation: You are frail. (-10% HP) [a shining eye]
 70142 | Slime:5  | Gained mutation: You sometimes lose your temper in combat.
                  | [a shining eye]
 70170 | Slime:5  | Found the +5 Lochaber axe {reach-cleave, Poleaxe Drain}
 70304 | Slime:5  | HP: 5/106 [azure jelly[the Royal Jelly] (7)]
 70305 | Slime:5  | HP: 1/106 [acid[the Royal Jelly] (5)]
 70306 | Slime:5  | Killed from afar by an acid blob

Illustrated notes

Levels and vault maps discovered:
D:1:      dpeg_arrival_castle, layout_loops_ring,
          hellmonk_ecumenical_altar_pennies_from_heaven,
          chequers_serial_rivers_marsh, nrook_loot_triangle,
          kennysheep_crisscross
D:2:      layout_basic, minmay_misc_feat_columns, uniq_terence
D:3:      layout_basic
D:4:      layout_rooms, hangedman_decor_peaks_small
D:5:      layout_loops_ring
D:6:      layout_loops_ring, gammafunk_temple_overflow_elements,
          temple_doors_cd, nicolae_take_the_stairs
D:7:      layout_basic, mainiacjoe_overflow_catwalk,
          minmay_hollow_rounded_squares, uniq_joseph
D:8:      layout_basic, serial_curves, eino_curves_04, eino_curves_03,
          reono_crystal_passage, minmay_curled_crystal
D:9:      minmay_the_grid_triangle_9x9_rhombus_full
          [minmay_the_grid_triangle_9x9_warning,
          minmay_the_grid_triangle_9x9_zippers_horizontal,
          minmay_the_grid_triangle_9x9_wacky_v,
          minmay_the_grid_triangle_9x9_from_above,
          minmay_the_grid_triangle_9x9_windchime,
          minmay_the_grid_triangle_9x9_minimal,
          minmay_the_grid_triangle_9x9_dagger,
          minmay_the_grid_triangle_9x9_prize_top_heavy], layout_cave_pools,
          enter_bailey_8
D:10:     layout_irregular_city, tgw_sif
D:11:     layout_big_octagon, hellmonk_lair_entry_icy, chequers_arboretum,
          minivault_28
D:12:     kennysheep_seaside_town, layout_basic, david_orc_3
D:13:     wad_lake_hut, layout_irregular_city
D:14:     layout_roguey, erik_vaults_2, serial_shops,
          nicolae_shop_just_a_little_nook, shop, nicolae_shop_hallway_plus,
          enter_trove_3, elyvilon_altar_1, chequers_serial_rivers_small_b,
          nicolae_tso_swordbearing_angel
D:15:     grunt_enter_depths_hoard, layout_irregular_city, uniq_louise
Temple:   nicolae_temple_no_exploring_needed
Lair:1:   layout_hall_layers, hangedman_lair_unloving_vines, kennysheep_rathole,
          lemuel_fruit_fields
Lair:2:   layout_cave_pods, palyth_hydra_swamp_entry,
          nicolae_spider_entry_orb_guardian, chequers_serial_rivers_small_3,
          grunt_megastairs_1
Lair:3:   layout_roguey
Lair:4:   layout_regular_city, portal_ice_cave_entry_pillars_2,
          lemuel_fruit_fields
Lair:5:   evilmike_catoblepas_cave, layout_cave_shapes,
          minmay_slime_entry_pillars, grunt_megastairs_3
Swamp:1:  gammafunk_worm_tunnel, layout_falls_marsh, gammafunk_ghost_arena,
          evilmike_swamp_ruin_rubble_1, infiniplex_staircase_pool
Swamp:2:  nicolae_swamp_phyte_club, layout_basic_swamp, serial_swamp_ruin,
          evilmike_swamp_ruin_rubble_2, evilmike_swamp_ruin_house_4,
          amcnicky_altar_lugonu_corruption, uniq_roxanne
Swamp:3:  layout_basic_swamp, nicolae_swamp_small_spring, swamp_pool1
Swamp:4:  swamp_old_school, layout_basic_swamp, swamp_pool1,
          nicolae_swamp_very_dense_foliage, uniq_mlioglotl
Spider:1: layout_chambers, drop_trap
Spider:2: layout_spider_delve, hangedman_stitches_earthworm
Spider:3: nicolae_spider_mines_3, hive_lemuel
Spider:4: grunt_spider_rune_circles, nicolae_spider_scorpion_nest, uniq_donald,
          uniq_agnes
Slime:1:  layout_caves, nicolae_slime_phagocytosis
Slime:2:  layout_caves
Slime:3:  layout_caves
Slime:4:  layout_caves
Slime:5
Orc:1:    layout_caves, uniq_erica, uniq_nergalle
Orc:2:    st_orc_ogre_mass, layout_diamond_mine, basic_altar, uniq_jorgrun
Elf:1:    layout_gridlike, minivault_28, grunt_megastairs_5, minmay_shoptagon,
          uniq_aizul
Elf:2:    elven_hall_of_blades_hangedman_original [nicolae_blade_tridents],
          layout_geoelf_grid, hellmonk_ghost_big_iron
Elf:3:    minmay_elf_hall_circle, layout_gridlike, guppyfry_elf_altar
Vaults:1: nicolae_vaults_door_testing_chamber, nicolae_vaults_rhombus_7,
          v_rooms_3, grunt_vaults_bifocal,
          nicolae_vaults_windows_and_doors_thing, vaults_room_pools,
          vaults_room_octagon, nicolae_vaults_alarming,
          nicolae_vaults_closet_pinwheel_3, v_pattern_3,
          nicolae_vaults_little_squares_2, layout_vaults_omnicross
Vaults:2: portal_desolation_entry_nicolae_nacl, v_misc_19,
          vaults_mumra_chevron_long, vaults_mumra_minichess_inversion,
          hangedman_vaults_unwind, ontoclasm_vaults_idyll, v_misc_27,
          minmay_crypt_entry_simple_round, ontoclasm_vaults_chip,
          nicolae_vaults_diamond_2, special_room_vaults [special_room_orc],
          layout_vaults_omnigrid, serial_shops,
          nicolae_shop_bloodbath_and_beyond, uniq_boris, uniq_asterion
Vaults:3: vaults_room_stairs_pillars, nicolae_vaults_diamond_1,
          grunt_vaults_trifunnel, nicolae_vaults_what_the_h,
          nicolae_vaults_storage_room_doors, sword_in_stone,
          nicolae_vaults_trapezoid_1, ontoclasm_vaults_pinch,
          vaults_room_stairs_pillars, nicolae_vaults_bisected_inception,
          vaults_dpeg_hooks, layout_vaults_ring
Vaults:4: v_pattern_1, nicolae_vaults_big_angled_halls,
          nicolae_vaults_rhombus_6, nicolae_vaults_heart-shaped_vault,
          nicolae_vaults_little_squares_5, nicolae_vaults_apartment_2,
          nicolae_vaults_offset_grid_hallway_3, v_misc_8,
          nicolae_vaults_apartment_2, nicolae_vaults_hexular_roomagon,
          nicolae_vaults_tetromino_T_1, nicolae_vaults_wine_cellar,
          nicolae_vaults_tetromino_L_1, layout_vaults_chaotic_city,
          serial_shops, nicolae_shop_just_a_little_nook, uniq_xtahua
Vaults:5
Crypt:1:  layout_regular_city, grunt_ministairs_6, uniq_zenata
Depths:1: layout_cave_shapes, enter_ziggurat_b, hell_entry,
          nicolae_ashenzari_panopticon, abyss_entry_flame_altar,
          nicolae_uskayaw_dance_hall, uniq_nikola
Depths:2: minmay_rotating_shell, layout_gridlike, minmay_parallelograms,
          rand_demon_pan_entry_4, hangedman_abyss_entry_splay, hell_entry,
          kennysheep_windowed_goal, uniq_mara
Depths:3: lightli_eight_chambers, layout_cave_shapes, abyss_entry, hell_entry,
          grunt_ministairs_15, tgw_lugonu_bribe, uniq_grunn

Skill      XL: |  1  2  3  4  5  6  7  8  9 10 11 12 13 14 15 16 17 18 19 20 21 22 23 |
---------------+----------------------------------------------------------------------+-----
Stealth        | 8 9 10 12 14 16 18 19 | 19.9
Fighting       | 3 4 5 7 8 9 10 11 12 13 14 | 14.1
Armour         | 1 2 3 4 5 7 8 9 |  9.2
Short Blades   | 3 4 5 6 8 9 11 12 13 14 15 16 17 | 17.0
Evocations     | 1 2 3 4 5 6 7 8 9 |  9.0
Dodging        | 3 4 5 7 9 12 13 14 15 16 | 16.6
Throwing       | 1 2 3 5 |  5.7
Hexes          | 3 5 8 9 11 12 14 15 16 17 18 19 | 19.7
Spellcasting   | 1 2 3 4 5 6 7 8 |  8.4
Conjurations   | 1 2 3 4 5 |  5.0
Ice Magic      | 3 5 6 7 8 |  8.0
Necromancy     | 2 5 6 8 9 |  9.7
Shields        | 6 9 10 13 15 17 18 | 18.1
Fire Magic     | 2 3 4 |  4.0

Action                     |  1- 3 |  4- 6 |  7- 9 | 10-12 | 13-15 | 16-18 | 19-21 | 22-24 || total
---------------------------+-------+-------+-------+-------+-------+-------+-------+-------++-------
  Melee: Short sword       |    56 |     3 |   397 |   759 |  1740 |       |       |       ||  2955
         Bite              |     4 |    18 |    62 |   105 |   398 |   135 |   179 |   174 ||  1075
         Dagger            |       |   139 |    39 |       |       |       |       |       ||   178
         Punch             |       |     4 |     8 |    19 |    46 |     7 |       |       ||    84
         Rapier            |       |       |       |       |   349 |  1156 |  1190 |   789 ||  3484
  Throw: Dart              |       |       |     6 |     7 |    26 |     9 |     4 |     4 ||    56
         Boomerang         |       |       |     5 |    13 |    26 |    18 |     6 |     6 ||    74
   Cast: Confusing Touch   |       |       |       |     8 |     7 |     1 |     2 |     1 ||    19
         Dazzling Flash    |       |       |       |       |     5 |    25 |    35 |    13 ||    78
         Slow              |       |       |       |       |     5 |     1 |     1 |       ||     7
         Ensorcelled Hiber |       |       |       |       |   147 |   251 |   233 |    87 ||   718
         Anguish           |       |       |       |       |     3 |     1 |       |       ||     4
         Fulminant Prism   |       |       |       |       |       |     5 |     8 |       ||    13
         Inner Flame       |       |       |       |       |       |       |    11 |     1 ||    12
         Cause Fear        |       |       |       |       |       |       |     1 |     5 ||     6
 Invoke: Sacrifice Arcana  |     1 |       |       |       |       |       |       |       ||     1
         Sacrifice Resista |       |       |     1 |       |       |       |       |       ||     1
         Draw Out Power    |       |       |     1 |     1 |       |     5 |     2 |     4 ||    13
         Sacrifice Purity  |       |       |       |     1 |     1 |       |       |       ||     2
         Sacrifice Essence |       |       |       |     1 |       |       |       |       ||     1
         Power Leap        |       |       |       |       |     4 |     1 |       |     1 ||     6
         Apocalypse        |       |       |       |       |     4 |     5 |     7 |     4 ||    20
         Reject Sacrifices |       |       |       |       |     3 |     2 |     1 |       ||     6
Ability: Exsanguinate      |     1 |       |       |       |       |       |       |       ||     1
  Evoke: Wand              |       |       |     1 |     2 |    10 |     6 |       |     2 ||    21
         Box of beasts     |       |       |       |     1 |     2 |     1 |       |     1 ||     5
         Phantom mirror    |       |       |       |       |       |     1 |       |     1 ||     2
    Use: Scroll            |     1 |       |     2 |     8 |    19 |     8 |     3 |     4 ||    45
         Potion            |       |       |     2 |     4 |     3 |     3 |     2 |     2 ||    16
   Stab: Sleeping          |    18 |    14 |     9 |    22 |   120 |   161 |   184 |    82 ||   610
         Distracted        |       |       |     1 |    12 |    16 |    32 |    33 |    20 ||   114
         Invisible         |       |       |     4 |     7 |    21 |    33 |    44 |     9 ||   118
         Confused          |       |       |       |     9 |     7 |     1 |     1 |     3 ||    21
         Paralysed         |       |       |       |       |     7 |     2 |     9 |     3 ||    21
 Armour: Ring mail         |    17 |    43 |    25 |       |    48 |   308 |   164 |    97 ||   702
         Steam dragon scal |       |       |    55 |   100 |   186 |       |       |       ||   341
         Scale mail        |       |       |     7 |       |       |       |       |       ||     7
  Dodge: Dodged            |    20 |    49 |   161 |   352 |  1126 |   910 |   436 |   291 ||  3345
  Block: Other             |       |       |       |    12 |   243 |   109 |       |       ||   364
         Reflection        |       |       |       |     1 |     4 |    22 |   100 |    14 ||   141
         Kite shield       |       |       |       |       |       |   650 |    25 |       ||   675
         Tower shield      |       |       |       |       |       |       |  1363 |   986 ||  2349
